 Dungeon Crawl Stone Soup version 0.30-a0-937-ga0a21ad780 (webtiles) character file.

Game seed: 2908471283017555368

18 NeonRainbow the Magician (level 2, -8/19 HPs)
             Began as a Mummy Fire Elementalist on Mar 25, 2023.
             Mangled by a gnoll
             ... wielding a +0 flail
              (13 damage)
             ... on level 1 of the Dungeon.
             The game lasted 00:02:26 (477 turns).

NeonRainbow the Magician (Mummy Fire Elementalist)   Turns: 477, Time: 00:02:26

Health: -8/19      AC:  2    Str: 11    XL:     2   Next: 51%
Magic:  4/5        EV: 12    Int: 14    God:
Gold:   10         SH:  0    Dex: 12    Spells: 5/6 levels left

rFire   x . .      SeeInvis .    b - +0 sling
rCold   + . .      Faith    +    (no shield)
rNeg    + + +      Spirit   .    a - +0 robe
rPois   ∞          Reflect  .    (no helmet)
rElec   .          Rampage  .    d - scarf {repulsion}
rCorr   .                        (no gloves)
Will    .....                    (no boots)
Stlth   ++                       (no amulet)
HPRegen 0.23/turn                (no ring)
MPRegen 0.09/turn                (no ring)

@: repel missiles
A: cold resistance 1, negative energy resistance 3, torment resistance 2, heat
vulnerability 1, no potions, faith
a: no special abilities


You were on level 1 of the Dungeon.
You visited 1 branch of the dungeon, and saw 1 of its levels.

You collected 10 gold pieces.

Inventory:

Hand Weapons
 b - a +0 sling (weapon)
Armour
 a - a +0 robe (worn)
 d - a scarf of repulsion (worn)
Scrolls
 c - a scroll of blinking {unknown}


   Skills:
 - Level 1.5 Dodging
 - Level 1.5 Stealth
 - Level 2.6 Spellcasting
 + Level 2.1 Conjurations
 - Level 2.4 Fire Magic


You had 5 spell levels left.
You knew the following spells:

 Your Spells              Type           Power      Damage    Failure   Level
a - Foxfire               Conj/Fire      32%        2x1d5     9%          1

Your spell library contained the following spells:

 Spells                   Type           Power      Damage    Failure   Level
 Scorch                   Fire           16%        2d6       12%         2
 Inner Flame              Hex/Fire       5%         N/A       38%         3
 Kindle Blastsparks       Fire/Tloc/Air  8%         2d10      43%         3
 Flame Wave               Conj/Fire      8%         2d5       65%         4
 Cause Fear               Hex            0%         N/A       91%         4
 Discord                  Hex            0%         N/A       100%        8


Dungeon Overview and Level Annotations

Branches:
Dungeon (1/15)

Altars:


Innate Abilities, Weirdness & Mutations

You are immune to poison.
Your flesh is cold resistant. (rC+)
You are immune to negative energy. (rN+++)
You are immune to unholy pain and torment.
You are vulnerable to heat. (rF-)
You do not drink.
You have a special connection with the divine. (Faith)


Message History

You conjure some foxfire!
The foxfire hits the endoplasm.
The endoplasm is heavily wounded.
The foxfire hits the endoplasm.
The endoplasm is severely wounded.
You shoot a sling bullet. The sling bullet hits the endoplasm.
You kill the endoplasm!
Search for what [Enter for "sca", or ? for help]?
You see here a scarf of repulsion.
You can't go down here!
d - a scarf of repulsion
Found 7 stones.
You start putting on your armour.
You continue putting on your scarf of repulsion. x4
You finish putting on your scarf of repulsion.
You are surrounded by a repulsion field.
A kobold comes into view. It is wielding a +0 dagger.
A kobold is nearby!
A kobold is nearby!
You shoot a sling bullet. The sling bullet hits the kobold.
You kill the kobold!
You hear a shout!
A gnoll comes into view. It is wielding a +0 flail.
You shoot a sling bullet. The sling bullet hits the gnoll.
The gnoll is lightly wounded.
You shoot a sling bullet.
The sling bullet closely misses the gnoll.
A gnoll is nearby!
You shoot a sling bullet.
The sling bullet closely misses the gnoll.
The gnoll barely misses you. The gnoll hits you with a +0 flail!
Ouch! That really hurt!
Casting: Foxfire (safe; 9% risk of failure)
Confirm with . or Enter, or press ? or * to list all spells.
You conjure some foxfire!
The gnoll hits you with a +0 flail.
* * * LOW HITPOINT WARNING * * *
Your foxfire dissipates!
The gnoll attacks as you move away! The gnoll barely misses you.
The gnoll attacks as you move away! The gnoll hits you with a +0 flail!
Ouch! That really hurt!
You die...

#................###
######.####.###.....
#...# #.# ##.###
###...###.# #....
##.......#.# #####
#........#.#
##.......#.#
#.#...###.####
#@#..........#
#g###>###.##.#####
#.# #.# #.........
#.# #.# #######†##
#.# #.# #)# #.# #.#
#.# #.# #.# #.# ...
#.# ...# .#.#. ...#


You could see a gnoll.

Vanquished Creatures
  2 endoplasms (D:1)
  3 giant cockroaches (D:1)
  A goblin (D:1)
  2 hobgoblins (D:1)
  3 jackals (D:1)
  2 ball pythons (D:1)
  A frilled lizard (D:1)
  2 kobolds (D:1)
16 creatures vanquished.

Vanquished Creatures (others)
  27 foxfires (D:1)
27 creatures vanquished.

Grand Total: 43 creatures vanquished

Notes
Turn   | Place    | Note
-------+----------+-------------------------------------------
     0 | D:1      | NeonRainbow the Mummy Fire Elementalist began the quest for
                  | the Orb.
     0 | D:1      | Reached XP level 1. HP: 13/13 MP: 4/4
    17 | D:1      | Reached skill level 1 in Conjurations
   266 | D:1      | Reached XP level 2. HP: 19/19 MP: 5/5
   477 | D:1      | Mangled by a gnoll

Illustrated notes

Levels and vault maps discovered:
D:1:      dpeg_arrival_round_b, layout_loops_ring, minmay_worlds_worst_comb

Skill      XL: |  1  2 |
---------------+-------+-----
Conjurations   | 1 2 |  2.1
Dodging        | |  1.5
Stealth        | |  1.5
Spellcasting   | |  2.6
Fire Magic     | |  2.4

Action                     || total
---------------------------++-------
   Fire: Sling             ||    29
   Cast: Foxfire           ||    19
 Armour: Robe              ||    12
  Dodge: Dodged            ||    28

Table legend: (Time is in decaauts)
 A = Elapsed time spent in this place.
 B = Non-inter-level travel time spent in this place.
 C = Inter-level travel time spent in this place.
 D = Time resting spent in this place.
 E = Time spent auto-exploring this place.
 F = Levels seen in this place.
 G = Mean time per level.
                   A        B        C        D        E       F      G
               +--------+--------+--------+--------+--------+-----+--------+
         Total |    488 |    478 |     10 |     84 |    254 |   1 |  488.0 |
       Dungeon |    488 |    478 |     10 |     84 |    254 |   1 |  488.0 |
               +--------+--------+--------+--------+--------+-----+--------+

Top non-repeatable levels by time:
     D:1: 488 daAuts
